 Dungeon Crawl Stone Soup version 0.28-a0-1087-gf3fc490d9d (webtiles) character file.

Game seed: 5580772514209627138

481 tilp the Chiller (level 6, 26/26 HPs)
             Began as a Felid Ice Elementalist on Dec 10, 2021.
             Quit the game on level 6 of the Dungeon.
             The game lasted 00:09:33 (8285 turns).

tilp the Chiller (Felid Ice Elementalist)           Turns: 8285, Time: 00:09:34

Health: 26/26      AC:  2    Str:  4    XL:     6   Next: 87%
Magic:  13/13      EV: 18    Int: 19    God:
Gold:   196        SH:  0    Dex: 16    Spells: 2/13 levels left
                                        Lives:  1   Deaths: 1

rFire   . . .      SeeInvis +     - Unarmed
rCold   . . .      Faith    .   (shield unavailable)
rNeg    . . .      Spirit   .   (armour unavailable)
rPois   .          Reflect  .   (helmet unavailable)
rElec   .          Harm     .   (cloak unavailable)
rCorr   .          Rampage  .   (gloves unavailable)
Will    .....                   (boots unavailable)
Stlth   +++.......              d - amulet of magic regeneration
HPRegen 0.08/turn               f - ring of flight
MPRegen 0.53/turn               (no ring)

@: flying, quick
A: very small, claws 1, fangs 3, see invisible, speed 1, shaggy fur 2, stealthy
paws, no weapons or thrown items, no armour, multi-lived
a: no special abilities


You were on level 6 of the Dungeon.
You visited 1 branch of the dungeon, and saw 6 of its levels.

You collected 196 gold pieces.

Inventory:

Jewellery
 d - an amulet of magic regeneration (around neck)
 f - a ring of flight (left paw)
 g - an amulet of guardian spirit
 i - an amulet of faith
Wands
 b - a wand of iceblast (4)
Potions
 a - a potion of attraction {unknown}
 c - 2 potions of flight
 e - 2 potions of mutation {unknown}
 h - a potion of ambrosia {unknown}
 j - 2 potions of might {unknown}
 k - a potion of heal wounds
 l - a potion of degeneration {unknown}
 m - 2 potions of curing
 n - a potion of cancellation {unknown}


   Skills:
 - Level 2.0 Fighting
 - Level 4.0 Dodging
 + Level 5.4 Stealth
 - Level 4.0 Unarmed Combat
 - Level 4.0 Spellcasting
 - Level 6.0 Ice Magic


You had 2 spell levels left.
You knew the following spells:

 Your Spells              Type           Power      Damage    Failure   Level
a - Freeze                Ice            100%       1d11      1%          1
b - Frozen Ramparts       Ice            52%        1d7       3%          3
c - Ozocubu's Armour      Ice            26%        N/A       3%          3
d - Hailstorm             Conj/Ice       15%        3d5       36%         4

Your spell library contained the following spells:

 Spells                   Type           Power      Damage    Failure   Level
 Conjure Flame            Conj/Fire      3%         6-21      38%         3
 Mephitic Cloud           Conj/Pois/Air  3%         N/A       38%         3
 Metabolic Englaciation   Hex/Ice        7%         N/A       73%         5
 Petrify                  Tmut/Erth      3%         N/A       80%         4
 Simulacrum               Ice/Necr       7%         N/A       99%         6
 Fire Storm               Conj/Fire      1%         8d1       100%        9


Dungeon Overview and Level Annotations

Branches:
Dungeon (6/15)
 Temple: D:4-7

Altars:
Elyvilon
Okawaru


Innate Abilities, Weirdness & Mutations

You have sharp claws.
You have razor-sharp teeth.
You have supernaturally acute eyesight. (SInv)
You cover ground quickly. (Speed+)
You are covered in thick fur. (AC +2)
Your paws help you pounce on unaware monsters.
You are incapable of wielding weapons or throwing items.
You cannot wear armour.
You gain extra lives every three experience levels.


Message History

Aiming: Iceblast
Press: ? - help, Shift-Dir - straight line The mass of ice explodes!
The iceblast engulfs the wight.
The wight partially resists.
The wight is severely damaged.
The wight hits you with a +3 short sword.
Unknown command.
Unknown command.
Unknown command.
Unknown command.
Aiming: Iceblast
Press: ? - help, Shift-Dir - straight line The mass of ice explodes!
The iceblast engulfs the wight.
The wight partially resists.
The wight is almost destroyed.
The wight misses you.
A wight comes into view. It is wielding a +0 halberd.
Unknown command.
Unknown command.
You closely miss the wight.
The wight is almost destroyed.
The wight misses you. The wight completely misses you.
You scratch the wight.
The wight is almost destroyed.
The wight hits you with a +3 short sword.
* * * LOW HITPOINT WARNING * * *
You feel drained.
* * * LOW HITPOINT WARNING * * *
The wight closely misses you.
Your icy armour will break if you move.
Continue?
Your icy armour cracks and falls away as you move.
The wight hits you from afar with a +0 halberd!
You die...
You feel drained.
You are now level 6!
You rejoin the land of the living...
Unknown command.
Unknown command.
Unknown command.
Are you sure you want to abandon this character and quit the game? (Confirm with "yes".)

. .#....
##....##................
........................
........##..............
........................
.<.....#..............
......##............#
.............#......##
...#####.....##.@....#
...# #.<..# ##.....#
..######....# #..####
.....#.....## ####
##..........#
...........##
...........#
....[.....## .......##.#


There were no monsters in sight!

Vanquished Creatures
  A black bear (D:6)
  An ogre (D:4)
  A centaur (D:5)
  Blork the orc (D:4)
  A scorpion (D:4)
  A water moccasin skeleton (D:4)
  A wight (D:6)
  A jelly (D:4)
  3 bullfrog skeletons
  An orc priest (D:4)
  A gnoll shaman (D:5)
  An iguana (D:5)
  3 centaur skeletons
  2 hound skeletons
  4 gnolls (D:5)
  3 adders (D:4)
  An ufetubus (D:5)
  2 adder skeletons
  2 worms
  A dart slug (D:1)
  10 orcs
  9 bats
  5 endoplasms
  A giant cockroach (D:1)
  A goblin (D:2)
  8 hobgoblins
  2 jackals (D:2)
  4 quokkas
  9 ball pythons
  2 frilled lizards
  3 kobolds
  6 rats
92 creatures vanquished.

Notes
Turn   | Place    | Note
-------+----------+-------------------------------------------
     0 | D:1      | tilp the Felid Ice Elementalist began the quest for the
                  | Orb.
     0 | D:1      | Reached XP level 1. HP: 7/7 MP: 4/4
   214 | D:1      | Reached skill level 1 in Unarmed Combat
   315 | D:1      | Reached XP level 2. HP: 9/11 MP: 1/6
  1337 | D:2      | Reached XP level 3. HP: 11/14 MP: 2/7
  1473 | D:2      | Learned a level 3 spell: Frozen Ramparts
  1487 | D:2      | Reached skill level 4 in Ice Magic
  1978 | D:2      | Got Ruanasch's Incunabulum of the Rocks and Confrontation
  1987 | D:2      | Found a white marble altar of Elyvilon.
  2498 | D:3      | Found a faded altar of an unknown god.
  3033 | D:4      | Noticed Blork the orc
  3060 | D:4      | Reached XP level 4. HP: 2/18 MP: 4/8
  3130 | D:2      | Learned a level 3 spell: Ozocubu's Armour
  3991 | D:4      | Reached XP level 5. HP: 21/21 MP: 10/10
  4221 | D:4      | Noticed an ogre
  4341 | D:4      | HP: 1/21 [ogre (20)]
  4343 | D:4      | Killed an ogre
  4344 | D:4      | Reached skill level 5 in Ice Magic
  4639 | D:4      | Gained mutation: You are covered in thick fur. (AC +2)
                  | [Felid growth]
  4639 | D:4      | Reached XP level 6. HP: 24/24 MP: 0/12
  5023 | D:4      | Reached skill level 6 in Ice Magic
  6138 | D:4      | Killed Blork the orc
  6433 | D:5      | Entered Level 5 of the Dungeon
  6453 | D:5      | Reached XP level 7. HP: 12/28 MP: 11/14
  6463 | D:5      | Reached skill level 1 in Fighting
  7452 | D:5      | Found an iron altar of Okawaru.
  7897 | D:6      | Learned a level 4 spell: Hailstorm
  8198 | D:6      | Reached skill level 5 in Stealth
  8284 | D:6      | Slain by a wight
  8285 | D:6      | Reached XP level 6. HP: -4/23 MP: 13/13
  8285 | D:6      | Quit the game

Illustrated notes

Levels and vault maps discovered:
D:1:      lightli_iron_boxes, layout_loops_corners
D:2:      layout_loops_cross, basic_altar, nrook_campfire
D:3:      layout_basic, ebering_ecumenical_altar_box
D:4:      wander_river, layout_layer_cave,
          nicolae_concentric_dashed_squares_wild, minmay_crystal_room,
          amcnicky_mini_corridor_feature, uniq_blork_the_orc
D:5:      layout_basic, mainiacjoe_overflow_concentric_impassable
D:6:      layout_cave_pools, minmay_temple_entry_glass, uniq_duvessa

Skill      XL: |  1  2  3  4  5  6  7 |
---------------+----------------------+-----
Unarmed Combat | 1 2 4 |  4.0
Ice Magic      | 4 5 6 |  6.0
Spellcasting   | 3 4 |  4.0
Dodging        | 3 4 |  4.0
Stealth        | 3 5 |  5.4
Fighting       | 2 |  2.0

Action                   |  1- 3 |  4- 6 |  7- 9 || total
-------------------------+-------+-------+-------++-------
Melee: Unarmed           |    24 |    98 |    43 ||   165
       Bite              |     1 |     6 |     7 ||    14
       Punch             |       |       |     1 ||     1
 Cast: Freeze            |    52 |    19 |    18 ||    89
       Frozen Ramparts   |     3 |     7 |     8 ||    18
       Ozocubu's Armour  |       |     9 |    10 ||    19
Evoke: Wand              |       |       |     6 ||     6
  Use: Scroll            |     6 |     1 |     1 ||     8
       Potion            |       |     5 |       ||     5
 Stab: Sleeping          |    10 |     7 |     1 ||    18
Armor: Skin              |     2 |    24 |    14 ||    40
Dodge: Dodged            |    57 |    76 |    60 ||   193

Table legend: (Time is in decaauts)
 A = Elapsed time spent in this place.
 B = Non-inter-level travel time spent in this place.
 C = Inter-level travel time spent in this place.
 D = Time resting spent in this place.
 E = Time spent auto-exploring this place.
 F = Levels seen in this place.
 G = Mean time per level.
                   A        B        C        D        E       F      G
               +--------+--------+--------+--------+--------+-----+--------+
         Total |   7405 |   7118 |    287 |   1902 |   4294 |   6 | 1234.2 |
       Dungeon |   7405 |   7118 |    287 |   1902 |   4294 |   6 | 1234.2 |
               +--------+--------+--------+--------+--------+-----+--------+

Top non-repeatable levels by time:
     D:4: 2549 daAuts
     D:5: 1452 daAuts
     D:2: 1228 daAuts
     D:3: 1087 daAuts
     D:1: 875 daAuts
     D:6: 213 daAuts
